 Dungeon Crawl Stone Soup version 0.29-a0-25-g7f48f510a0 (webtiles) character file.

Game seed: 16954658830454106020

1098 Bosse the Gusty (level 8, 0/58 HPs)
             Began as a Green Draconian Air Elementalist on Jan 31, 2022.
             Slain by a centaur (5 damage)
             ... on level 5 of the Dungeon.
             The game lasted 00:33:54 (7646 turns).

Bosse the Gusty (Green Draconian Air Elementalist)  Turns: 7646, Time: 00:33:55

Health: 0/58       AC:  6    Str: 10    XL:     8   Next: 10%
Magic:  1/16       EV: 12    Int: 18    God:
Gold:   272        SH:  0    Dex: 12    Spells: 8/17 levels left

rFire   . . .      SeeInvis .   j - +3 whip
rCold   . . .      Faith    .   (no shield)
rNeg    . . .      Spirit   .   (armour unavailable)
rPois   +          Reflect  .   (helmet restricted)
rElec   .          Harm     .   (no cloak)
rCorr   .          Rampage  .   (no gloves)
Will    .....                   (no boots)
Stlth   ++........              (no amulet)
HPRegen 0.19/turn               (no ring)
MPRegen 0.15/turn               (no ring)

@: no status effects
A: breathe noxious fumes, AC +6, unfitting armour, poison resistance,
cold-blooded
a: Breathe Noxious Fumes


You were on level 5 of the Dungeon.
You visited 1 branch of the dungeon, and saw 5 of its levels.

You collected 272 gold pieces.

Inventory:

Hand Weapons
 j - a +3 whip (weapon)
Jewellery
 p - a ring of wizardry
Wands
 m - a wand of digging (6)
Scrolls
 a - 3 scrolls of vulnerability {unknown}
 b - a scroll of enchant weapon {unknown}
 d - 3 scrolls of identify {unknown}
 e - 3 scrolls of magic mapping {unknown}
 g - 2 scrolls of noise {unknown}
 h - a scroll of enchant armour {unknown}
 i - 2 scrolls of blinking {unknown}
 l - a scroll of torment {unknown}
 o - a scroll of amnesia {unknown}
Potions
 c - a potion of attraction {unknown}
 f - a potion of curing {unknown}
 k - a potion of ambrosia {unknown}
 n - 2 potions of haste {unknown}


   Skills:
 + Level 0.8 Fighting
 + Level 1.5 Maces & Flails
 + Level 2.1 Dodging
 + Level 2.1 Stealth
 + Level 0.6 Unarmed Combat
 * Level 5.4 Spellcasting
 * Level 3.7 Conjurations
 * Level 6.0 Air Magic
 * Level 2.3 Poison Magic
 * Level 1.1 Invocations
 * Level 0.6 Evocations


You had 8 spell levels left.
You knew the following spells:

 Your Spells              Type           Power      Damage    Failure   Level
a - Shock                 Conj/Air       88%        1d8       1%          1
b - Static Discharge      Conj/Air       22%        N/A       2%          2
c - Airstrike             Air            13%        N/A       11%         4
d - Poisonous Vapours     Pois/Air       38%        N/A       3%          2

Your spell library contained the following spells:

 Spells                   Type           Power      Damage    Failure   Level
 Swiftness                Air            26%        N/A       3%          3
 Corpse Rot               Necr/Air       30%        N/A       5%          2
 Animate Skeleton         Necr           8%         N/A       13%         1
 Apportation              Tloc           8%         N/A       13%         1
 Pain                     Necr           16%        1d4       13%         1
 Summon Small Mammal      Summ           16%        N/A       13%         1
 Gell's Gravitas          Tloc           4%         N/A       36%         3
 Lesser Beckoning         Tloc           4%         N/A       36%         3
 Teleport Other           Tloc           4%         N/A       36%         3
 Agony                    Necr           4%         N/A       98%         5
 Excruciating Wounds      Necr           2%         N/A       98%         5


Dungeon Overview and Level Annotations

Branches:
Dungeon (5/15)
 Temple: D:4-7

Altars:
Cheibriados

Shops:
D:1 *

Annotations:
D:3 1 runed translucent door


Innate Abilities, Weirdness & Mutations

You can breathe blasts of noxious fumes.
Your lurid green scales are hard. (AC +6)
You cannot fit into any form of body armour.
Your system is resistant to poisons. (rPois)
You are cold-blooded and may be slowed by cold attacks.


Message History

You barely miss the orc.
You feel sick.
You are no longer poisoned.
The orc hits you but does no damage.
You hit the orc.
The orc is almost dead.
The orc misses you.
You barely miss the orc. You tail-slap the orc.
You kill the orc!
The centaur shoots an arrow.
The arrow misses you.
The centaur unwields a +2 shortbow of flaming.
It stops flaming.
The centaur hits you but does no damage.
The centaur completely misses you.
There is an open door here.
Items here: )) [ ††.
You hit the centaur but do no damage.
The centaur hits you but does no damage.
The centaur kicks you but does no damage.
The centaur closely misses you.
The centaur kicks you but does no damage.
You hit the centaur.
You tail-slap the centaur, but do no damage.
The centaur is lightly wounded.
The centaur misses you. x2; The centaur hits you.
* * * LOW HITPOINT WARNING * * *
The centaur closely misses you.
You closely miss the centaur.
The centaur is lightly wounded.
The centaur misses you. The centaur kicks you.
* * * LOW HITPOINT WARNING * * *
You closely miss the centaur.
The centaur is lightly wounded.
The centaur hits you but does no damage.
The centaur completely misses you.
The centaur hits you but does no damage.
The centaur closely misses you.
You hit the centaur.
The centaur is moderately wounded.
The centaur hits you.
You die...

#............#
#........###
#.########..##
###.##...#
#........#######
#....###
##.#).....'.....#
###..#
###..#......#.....#
#..#
.....#......#.....#
##.#
.....#......#.....#
#..
.....#......#.....#
.>##
.....###########@##
(....#.. ..#...c#
.....#..#.hS#....#
.....## #.h.'....#
###### ......#
#####....# ......
......### ######
###### ........#
#.... #########
#..<. #....


You could see a centaur.

Vanquished Creatures
  The ghost of Longtemps the Sneak, an amateur VSEn (D:3)
  An ogre (D:5)
  A phantom (D:4)
  A bullfrog (D:3)
  A scorpion (D:5)
  2 water moccasin skeletons (D:5)
  A howler monkey (D:5)
  3 hounds
  A jelly (D:5)
  Crazy Yiuf (D:3)
  A bullfrog zombie (D:5)
  An orc priest (D:3)
  2 gnoll shamans (D:5)
  An iguana (D:4)
  Terence (D:3)
  Robin (D:3)
  3 gnolls (D:5)
  A howler monkey skeleton (D:5)
  9 adders
  A white imp (D:5)
  5 worms
  3 dart slugs
  10 orcs
  6 endoplasms
  4 giant cockroaches
  12 hobgoblins
  A jackal (D:2)
  6 kobolds
  2 quokkas
  6 ball pythons
  5 bats
  4 frilled lizards
  12 goblins
  4 rats
114 creatures vanquished.

Vanquished Creatures (others)
  3 fungi (D:3)
3 creatures vanquished.

Grand Total: 117 creatures vanquished

Notes
Turn   | Place    | Note
-------+----------+-------------------------------------------
     0 | D:1      | Bosse the Draconian Air Elementalist began the quest for
                  | the Orb.
     0 | D:1      | Reached XP level 1. HP: 14/14 MP: 3/3
    20 | D:1      | Found a faded altar of an unknown god.
   181 | D:1      | Found Ekiunul's General Store.
   533 | D:1      | Reached XP level 2. HP: 20/20 MP: 1/5
  1432 | D:2      | Reached XP level 3. HP: 13/26 MP: 4/6
  1446 | D:2      | HP: 1/26 [kobold (2)]
  2336 | D:2      | Learned a level 2 spell: Static Discharge
  2458 | D:2      | Reached XP level 4. HP: 13/33 MP: 0/8
  3389 | D:3      | Found a runed translucent door.
  3395 | D:3      | Noticed Longtemps's ghost (amateur VSEn)
  3395 | D:3      | Noticed a bullfrog
  3456 | D:3      | Noticed Robin
  3492 | D:3      | Killed Robin
  3649 | D:3      | Reached skill level 4 in Air Magic
  3649 | D:3      | Reached XP level 5. HP: 23/38 MP: 2/9
  3652 | D:3      | Found a snail-covered altar of Cheibriados.
  4607 | D:3      | Found a runed translucent door.
  4626 | D:3      | Noticed Terence
  4635 | D:3      | Killed Terence
  4821 | D:3      | Found a runed translucent door.
  4822 | D:3      | Noticed Crazy Yiuf
  4989 | D:3      | Killed Crazy Yiuf
  5125 | D:3      | Reached XP level 6. HP: 33/46 MP: 2/11
  5184 | D:3      | Killed Longtemps's ghost
  5185 | D:3      | Reached skill level 5 in Air Magic
  5459 | D:3      | Learned a level 4 spell: Airstrike
  6184 | D:4      | Your scales start taking on a lurid green colour.
  6184 | D:4      | Reached XP level 7. HP: 48/51 MP: 1/13
  6184 | D:4      | Gained mutation: Your system is resistant to poisons.
                  | (rPois) [Green Draconian growth]
  6281 | D:4      | Learned a level 2 spell: Poisonous Vapours
  6624 | D:5      | Entered Level 5 of the Dungeon
  6905 | D:5      | Reached skill level 1 in Maces & Flails
  7134 | D:5      | Reached skill level 5 in Spellcasting
  7134 | D:5      | Reached skill level 1 in Poison Magic
  7134 | D:5      | Reached skill level 1 in Invocations
  7144 | D:5      | Reached skill level 6 in Air Magic
  7427 | D:5      | Reached XP level 8. HP: 58/58 MP: 8/15
  7646 | D:5      | Slain by a centaur

Illustrated notes

Levels and vault maps discovered:
D:1:      dpeg_arrival_court, layout_basic,
          shapermc_ecumenical_altar_mp_highgroup, serial_shops, shop
D:2:      minmay_diamond_boxcup, layout_basic, grunt_ministairs_15
D:3:      layout_loops_ring, mainiacjoe_overflow_paths, ebering_ghost_sewer_f,
          uniq_robin, uniq_crazy_yiuf_cottage, uniq_terence
D:4:      layout_rooms, grunt_decor_fettered, minmay_misc_feat_columns,
          abandoned_shop
D:5:      minmay_clustersquares, layout_rooms

Skill      XL: |  1  2  3  4  5  6  7  8 |
---------------+-------------------------+-----
Spellcasting   | 3 4 5 |  5.4
Dodging        | 2 |  2.1
Conjurations   | 2 3 |  3.7
Air Magic      | 4 5 6 |  6.0
Stealth        | 2 |  2.1
Maces & Flails | 1 |  1.5
Poison Magic   | 1 2 |  2.3
Invocations    | 1 |  1.1
Fighting       | |  0.8
Unarmed Combat | |  0.6
Evocations     | |  0.6

Action                   |  1- 3 |  4- 6 |  7- 9 || total
-------------------------+-------+-------+-------++-------
Melee: Unarmed           |    76 |     6 |       ||    82
       Tailslap          |     6 |     3 |     7 ||    16
       Whip              |       |    14 |    49 ||    63
 Cast: Shock             |    70 |    77 |    21 ||   168
       Static Discharge  |     3 |    34 |     4 ||    41
       Airstrike         |       |     9 |     5 ||    14
       Poisonous Vapours |       |       |    25 ||    25
 Abil: Breathe Noxious F |       |       |     2 ||     2
  Use: Potion            |       |     2 |       ||     2
Armor: Skin              |    16 |    12 |    22 ||    50
Dodge: Dodged            |    45 |    25 |    36 ||   106

Table legend: (Time is in decaauts)
 A = Elapsed time spent in this place.
 B = Non-inter-level travel time spent in this place.
 C = Inter-level travel time spent in this place.
 D = Time resting spent in this place.
 E = Time spent auto-exploring this place.
 F = Levels seen in this place.
 G = Mean time per level.
                   A        B        C        D        E       F      G
               +--------+--------+--------+--------+--------+-----+--------+
         Total |   7653 |   7607 |     46 |   3023 |   3682 |   5 | 1530.6 |
       Dungeon |   7653 |   7607 |     46 |   3023 |   3682 |   5 | 1530.6 |
               +--------+--------+--------+--------+--------+-----+--------+

Top non-repeatable levels by time:
     D:3: 2349 daAuts
     D:2: 2185 daAuts
     D:1: 1059 daAuts
     D:4: 1035 daAuts
     D:5: 1024 daAuts
